 Dungeon Crawl Stone Soup version 0.31-a0-161-gb58dd9be76 (webtiles) character file.

Game seed: 4525782698075181728

30 qw the Shooter (level 3, 0/32 HPs)
             Began as a Naga Hunter on June 12, 2023.
             Slain by a kobold
             ... wielding a +0 whip
              (2 damage)
             ... on level 2 of the Dungeon.
             The game lasted 00:00:17 (672 turns).

qw the Shooter (Naga Hunter)                         Turns: 672, Time: 00:00:17

Health: 0/32       AC:  2    Str: 13    XL:     3   Next: 18%
Magic:  3/3        EV:  9    Int:  9    God:
Gold:   28         SH:  0    Dex: 16    Spells: 2/2 levels left

rFire   . . .        Y - +0 shortbow
rCold   . . .        (shield currently unavailable)
rNeg    . . .        c - +0 leather armour
rPois   +            (no helmet)
rElec   .            (no cloak)
rCorr   .            (no gloves)
SInv    +            (no barding)
Will    .....        f - amulet of the acrobat
Stlth   ++           (no ring)
HPRegen 0.25/turn    (no ring)
MPRegen 0.08/turn

%: acrobat
@: lethally poisoned (0 -> -2), short of breath, very slow
A: AC +1, large, see invisible, deformed body, poison resistance, slowness 2,
spit poison 1, naga tail 1
a: Spit Poison


You were on level 2 of the Dungeon.
You visited 1 branch of the dungeon, and saw 2 of its levels.

You collected 28 gold pieces.


Innate Abilities, Weirdness & Mutations

Your serpentine skin is tough. (AC +1)
You have supernaturally acute eyesight. (SInv)
Armour fits poorly on your strangely shaped body.
Your system is resistant to poisons. (rPois)
You cover ground very slowly.
You can spit poison.
You have a snake-like lower body.


   Skills:
 - Level 2.0 Fighting
 + Level 4.5 Ranged Weapons
 - Level 1.5 Dodging
 - Level 1.5 Stealth


You had 2 spell levels left.
You didn't know any spells.
Your spell library was empty.

Inventory:

Hand Weapons
 Y - a +0 shortbow (weapon)
Armour
 c - a +0 leather armour (worn)
Jewellery
 f - an amulet of the acrobat (around neck)
Potions
 h - a potion of berserk rage {unknown}
 j - a potion of cancellation {unknown}
 k - a potion of attraction {unknown}

Dungeon Overview and Level Annotations

Branches:
Dungeon (2/15)

Altars:


Message History

The kobold shouts!
The arrow hits the worm.
You kill the worm!
You have got your breath back.
The kobold hits you but does no damage.
666 ||| INVOKING Spit Poison.
Aiming: Spit Poison (2% risk of failure)
Press: ? - help, Shift-Dir - straight line, f - kobold The splash of poison hits the kobold.
The kobold is poisoned.
The kobold is moderately wounded.
The kobold hits you with a +0 whip. The kobold misses you.
The kobold hits you with a +2 dagger of speed.
You shoot an arrow. The arrow misses the kobold.
The arrow hits the adder but does no damage.
The kobold hits you with a +0 whip.
The kobold hits you with a +2 dagger of speed. x2
The kobold misses you.
You shoot an arrow. The arrow misses the kobold.
The arrow closely misses the adder.
The kobold hits you with a +2 dagger of speed.
The kobold hits you with a +0 whip.
You shoot an arrow. The arrow hits the kobold!
You kill the kobold!
The kobold hits you but does no damage. The adder barely misses you.
You shoot an arrow. The arrow hits the adder.
The adder is moderately wounded.
You have got your breath back.
The adder closely misses you. The kobold hits you with a +0 whip.
671 ||| INVOKING Spit Poison.
Aiming: Spit Poison (2% risk of failure)
Press: ? - help, Shift-Dir - straight line, f/p - adder The splash of poison hits the adder.
The adder is heavily wounded.
The adder bites you.
You are lethally poisoned!
The adder poisons you! The adder bites you but does no damage.
You shoot an arrow. The arrow hits the adder.
The adder is severely wounded.
You feel sick. The kobold hits you with a +0 whip.
You die...

...!.........
.....#####..#
.....#)?)#..#
.....#???#..#
.....#[)(#..#
.....#####..#
......KK....#
.....gS@....#
....####<#.....
# ### #..


You could see an adder, a hobgoblin and 2 kobolds.

Vanquished Creatures
  A worm (D:2)
  4 endoplasms (D:1)
  3 goblins (D:1)
  3 hobgoblins (D:1)
  3 jackals (D:1)
  2 quokkas (D:1)
  2 ball pythons
  A bat (D:1)
  3 kobolds
  2 rats (D:1)
24 creatures vanquished.

Notes
Turn   | Place    | Note
-------+----------+-------------------------------------------
     0 | D:1      | qw the Naga Hunter began the quest for the Orb.
     0 | D:1      | Reached XP level 1. HP: 19/19 MP: 1/1
     0 | D:1      | 0 ||| qw: Version: 0.2-a-29-gc1b59c4
     0 | D:1      | 0 ||| qw: Game counter: 4181
     0 | D:1      | 0 ||| qw: Always use a shield: true
     0 | D:1      | 0 ||| qw: God list: Okawaru
     0 | D:1      | 0 ||| qw: Allow faded altars: false
     0 | D:1      | 0 ||| qw: Do Orc after D:15 true
     0 | D:1      | 0 ||| qw: Do second Lair branch before Depths: true
     0 | D:1      | 0 ||| qw: Lair rune preference: random
     0 | D:1      | 0 ||| qw: Plans: Normal
     0 | D:1      | 0 ||| PLANNING D:1-11
     7 | D:1      | 7 ||| INVOKING Spit Poison.
    11 | D:1      | 11 ||| INVOKING Spit Poison.
    30 | D:1      | 30 ||| INVOKING Spit Poison.
    42 | D:1      | 42 ||| INVOKING Spit Poison.
    50 | D:1      | Reached skill level 4 in Ranged Weapons
    50 | D:1      | Reached XP level 2. HP: 25/26 MP: 2/2
    90 | D:1      | 90 ||| INVOKING Spit Poison.
   176 | D:1      | 176 ||| INVOKING Spit Poison.
   247 | D:1      | 247 ||| INVOKING Spit Poison.
   252 | D:1      | 252 ||| INVOKING Spit Poison.
   298 | D:1      | 298 ||| INVOKING Spit Poison.
   319 | D:1      | 319 ||| INVOKING Spit Poison.
   417 | D:1      | 417 ||| INVOKING Spit Poison.
   487 | D:1      | 487 ||| INVOKING Spit Poison.
   512 | D:1      | 512 ||| INVOKING Spit Poison.
   515 | D:1      | Reached XP level 3. HP: 30/32 MP: 3/3
   631 | D:1      | 631 ||| UPGRADING to amulet of the acrobat.
   636 | D:1      | 636 ||| READING scroll labelled YGIAGR ZITS.
   637 | D:1      | 637 ||| READING scroll labelled LASTRIA ULAFFAI.
   638 | D:1      | 638 ||| READING scroll labelled LASTEGOOBI.
   639 | D:1      | 639 ||| READING scroll labelled ARPHUR PADENN.
   640 | D:1      | 640 ||| DROPPING scroll of butterflies.
   657 | D:2      | 657 ||| INVOKING Spit Poison.
   661 | D:2      | 661 ||| INVOKING Spit Poison.
   666 | D:2      | 666 ||| INVOKING Spit Poison.
   668 | D:2      | HP: 8/32 [kobold/+0 whip (5)]
   671 | D:2      | 671 ||| INVOKING Spit Poison.
   672 | D:2      | HP: 2/32 [poisoned by an adder]
   672 | D:2      | Slain by a kobold

Levels and vault maps discovered:
D:1:      dpeg_arrival_connections, layout_loops_ring
D:2:      layout_basic, hangedman_decor_points, due_unseen_surprise

Skill      XL: |  1 |
---------------+----+-----
Ranged Weapons | 4 |  4.5
Fighting       | |  2.0
Dodging        | |  1.5
Stealth        | |  1.5

Action                     || total
---------------------------++-------
   Fire: Shortbow          ||    45
Ability: Spit Poison       ||    17
    Use: Scroll            ||     4
 Armour: Leather armour    ||     3
  Dodge: Dodged            ||     6

Table legend:
 A = Non-vault XP
 B = Vault XP
 C = Vault XP percentage of total XP
 D = Non-vault monster count
 E = Vault monster count
 F = Vault count percentage of total count
                 A         B        C        D         E       F
            +---------+---------+-------+---------+---------+-------
      Total |      43 |       0 |   0.0 |      24 |       0 |   0.0
            +---------+---------+-------+---------+---------+-------
        D:1 |      35 |       0 |   0.0 |      20 |       0 |   0.0
        D:2 |       8 |       0 |   0.0 |       4 |       0 |   0.0
            +---------+---------+-------+---------+---------+-------
